 Dungeon Crawl Stone Soup version 0.23.2-32-g37ab1d4649 (webtiles) character file.

Game seed: 6472446289547039091

59 FABLE the Skirmisher (level 3, -1/34 HPs)
             Began as a Minotaur Berserker on June 25, 2019.
             Was a Follower of Trog.
             Killed from afar by a hobgoblin (6 damage)
             ... with a wand of flame (13)
             ... on level 2 of the Dungeon.
             The game lasted 00:06:27 (957 turns).

FABLE the Skirmisher (Minotaur Berserker)            Turns: 957, Time: 00:06:28

Health: -1/34      AC:  3    Str: 22    XL:     3   Next: 78%
Magic:  2/2        EV: 12    Int:  4    God:    Trog [*.....]
Gold:   33         SH:  0    Dex:  9    Spells: 2/2 levels left

rFire    . . .     SeeInvis .   a - +1 spear
rCold    . . .     Gourm    .   (no shield)
rNeg     . . .     Faith    .   b - +0 animal skin
rPois    .         Spirit   .   (helmet restricted)
rElec    .         Reflect  .   (no cloak)
rCorr    .         Harm     .   (no gloves)
MR       .....                  g - +0 pair of boots
Stlth    +.........             (no amulet)
HPRegen  0.11/turn              (no ring)
MPRegen  0.08/turn              (no ring)

@: no status effects
A: retaliatory headbutt, horns 2
a: Berserk, Renounce Religion


You were on level 2 of the Dungeon.
You worshipped Trog.
Trog was aware of your devotion.
You were not hungry.

You visited 1 branch of the dungeon, and saw 2 of its levels.

You collected 33 gold pieces.

Inventory:

Hand Weapons
 a - a +1 spear (weapon)
 f - a +0 club
Missiles
 d - 28 stones (quivered)
 e - 30 arrows
 h - 3 poisoned needles
Armour
 b - a +0 animal skin (worn)
 g - a +0 pair of boots (worn)
Potions
 i - a potion of brilliance
Comestibles
 c - a ration
 j - a chunk of flesh


   Skills:
 + Level 4.7 Fighting
 + Level 4.3 Polearms
 + Level 3.1 Armour
 + Level 2.3 Dodging


You had 2 spell levels left.
You didn't know any spells.
Your spell library was empty.

Dungeon Overview and Level Annotations

Branches:
Dungeon (1/15)

Altars:


Innate Abilities, Weirdness & Mutations

You reflexively headbutt those who attack you in melee.
You have a pair of horns on your head.


Message History

The hobgoblin zaps a wand.
The puff of flame hits you!
Throwing (i - inventory)
d - 31 stones (quivered)
Press: ? - help, Shift-Dir - straight line, f/p - hobgoblin
Aim: a hobgoblin, wielding a +0 glaive, wearing a +0 robe, wearing an uncursed amulet of faith and carrying a wand of flame (15) (almost dead)
You throw a stone.
The stone hits the hobgoblin but does no damage.
The hobgoblin is almost dead.
The hobgoblin zaps a wand.
The puff of flame hits you!
Throwing (i - inventory)
d - 30 stones (quivered)
Press: ? - help, Shift-Dir - straight line, f/p - hobgoblin
Aim: a hobgoblin, wielding a +0 glaive, wearing a +0 robe, wearing an uncursed amulet of faith and carrying a wand of flame (14) (almost dead)
You throw a stone. The stone closely misses the hobgoblin.
The hobgoblin zaps a wand.
The puff of flame hits you!
* * * LOW HITPOINT WARNING * * *
Throwing (i - inventory)
d - 29 stones (quivered)
Press: ? - help, Shift-Dir - straight line, f/p - hobgoblin
Aim: a hobgoblin, wielding a +0 glaive, wearing a +0 robe, wearing an uncursed amulet of faith and carrying a wand of flame (13) (almost dead)
You throw a stone. The stone closely misses the hobgoblin.
The hobgoblin zaps a wand.
The puff of flame hits you.
You die...

#.#...####.........###
####.##.##
##.......####
#........# ##.....##...
#.#...##.# ##...###.##
#..###.#.# ##+## #.#
#.# #..# #.# #.# . #..#
####.####.#
##..#####......##.#
#..@...........##.#
#....####..#.g....##.##
###.. #..#.#....##...
#.. .............. #..
...#.####.##### ##
#.##.# #.# #. #. #.# #
.. ..# ###


You could see a hobgoblin.

Vanquished Creatures
  4 adders (D:2)
  A worm (D:2)
  2 dart slugs
  2 giant cockroaches
  2 hobgoblins (D:2)
  4 kobolds
  A quokka (D:2)
  A frilled lizard (D:1)
  A goblin (D:2)
18 creatures vanquished.

Notes
Turn   | Place    | Note
-------+----------+-------------------------------------------
     0 | D:1      | FABLE the Minotaur Berserker began the quest for the Orb.
     0 | D:1      | Reached XP level 1. HP: 19/19 MP: 0/0
   182 | D:1      | You fall through a shaft!
   197 | D:2      | Reached XP level 2. HP: 26/27 MP: 1/1
   529 | D:2      | Reached XP level 3. HP: 20/34 MP: 2/2
   957 | D:2      | Killed from afar by a hobgoblin

Skill      XL: |  1  2  3 |
---------------+----------+-----
Polearms       | 4 |  4.3
Fighting       | 4 |  4.7
Armour         | 3 |  3.1
Dodging        | |  2.3

Action                   || total
-------------------------++-------
Melee: Spear             ||    41
       Headbutt          ||     7
Throw: Stone             ||    20
  Use: Scroll            ||     4
       Potion            ||     3
Armor: Animal skin       ||     8
Dodge: Dodged            ||    26
